 Dungeon Crawl Stone Soup version 0.18-a0-20-gaede791 (webtiles) character file.

21 Arkorax the Ducker (level 2, -4/14 HPs)
             Began as a Spriggan Wanderer on Nov 2, 2015.
             Slain by a gnoll
             ... wielding a +0 flail
              (8 damage)
             ... on level 2 of the Dungeon.
             The game lasted 00:02:32 (1061 turns).

Arkorax the Ducker (Spriggan Wanderer)              Turns: 1061, Time: 00:02:32

Health: -4/14      AC:  2    Str: 11    XL:     2   Next: 65%
Magic:  0/5        EV: 18    Int: 12    God:
Gold:   57         SH:  0    Dex: 13    Spells: 0 memorised, 3 levels left

rFire  . . .     SeeInvis +     e - +0 dagger
rCold  . . .     Clarity  .     d - +0 robe
rNeg   . . .     SustAt   .     (shield restricted)
rPois  .         Gourm    .     (helmet restricted)
rElec  .         Spirit   +     (no cloak)
rCorr  .         Warding  .     (gloves unavailable)
rMut   .         Stasis   .     (boots unavailable)
MR     +....                    h - amulet of guardian spirit
Stlth  ++........               (no ring)
                                a - ring of protection from magic

@: very quick, somewhat resistant to hostile enchantments, unstealthy
A: unfitting armour, see invisible, herbivore 3, speed 3, slow metabolism 2
a: no special abilities


You were on level 2 of the Dungeon.
You were not hungry.

You visited 1 branch of the dungeon, and saw 2 of its levels.

You collected 57 gold pieces.

Inventory:

Hand Weapons
 e - a +0 dagger (weapon)
Armour
 d - a +0 robe (worn)
Jewellery
 a - a ring of protection from magic (left hand)
 h - an amulet of guardian spirit (around neck)
Scrolls
 c - a scroll of teleportation
 i - a scroll of remove curse
 j - a scroll of blinking {unknown}
 l - 2 scrolls of identify {unknown}
 n - a scroll of recharging {unknown}
 p - a scroll of enchant weapon {unknown}
 s - a scroll of fear {unknown}
 t - a scroll of amnesia {unknown}
 u - a scroll of fog {unknown}
 w - a scroll of noise {unknown}
Potions
 b - 2 potions of lignification
 g - a potion of invisibility {unknown}
 m - 3 potions of curing {unknown}
 o - a potion of heal wounds {unknown}
 q - a potion of brilliance {unknown}
 v - 2 potions of magic {unknown}
Comestibles
 f - a bread ration
 k - a slice of pizza
 r - a fruit


   Skills:
 - Level 1.5 Fighting
 - Level 1.1 Short Blades
 - Level 1.0 Throwing
 * Level 4.0 Dodging
 - Level 3.0 Stealth
 - Level 1.3 Spellcasting
   Level 1.2 Hexes
   Level 1.5 Charms


You had 3 spell levels left.
You didn't know any spells.

Dungeon Overview and Level Annotations

Branches:
Dungeon (2/15)

Altars:


Innate Abilities, Weirdness & Mutations

You are tiny and cannot use many weapons and most armour.
You have supernaturally acute eyesight.
You are a herbivore.
You cover ground extremely quickly.
You need consume almost no food.


Message History

a - a ring of protection from magic (left hand)
You hit the gnoll.
The gnoll is lightly wounded.
The gnoll hits you with a flail!
Ouch! That really hurt!
You hit the gnoll.
The gnoll is lightly wounded.
The gnoll hits you with a flail.
* * * LOW HITPOINT WARNING * * *
You hit the gnoll.
The gnoll is heavily wounded.
You are too injured to fight recklessly!
You are too injured to fight recklessly!
You hit the gnoll but do no damage.
The gnoll is heavily wounded.
You hit the gnoll.
The gnoll is severely wounded.
The gnoll hits you with a flail!
Ouch! That really hurt!
You die...

# #.#...........#
.####.#####.#######
........[...#
##.#.#.####### #
#............ ..%
#...#.####### ....#
#.....#
!ggg..########..###
#.......g@..#
#.#########.# # #.#
#.# #.# #.# #.# .#


You could see a gnoll.

Vanquished Creatures
  2 giant cockroaches (D:1)
  4 goblins (D:1)
  4 hobgoblins (D:1)
  3 bats (D:1)
  2 kobolds (D:1)
  8 rats (D:1)
23 creatures vanquished.

Notes
Turn   | Place    | Note
--------------------------------------------------------------
     0 | D:1      | Arkorax the Spriggan Wanderer began the quest for the Orb.
     0 | D:1      | Arkorax set off with: a +2 short sword, a potion of lignification, a scroll of teleportation, a +0 robe, a +0 dagger, a bread ration
     0 | D:1      | Reached XP level 1. HP: 10/10 MP: 3/3
   225 | D:1      | Reached XP level 2. HP: 12/14 MP: 5/5
   728 | D:1      | Reached skill level 4 in Dodging
  1061 | D:2      | Slain by a gnoll

Vault maps used:
D:1:      elethiomel_arrival_maze
D:2:      lightli_temple_of_fire

Action                   || total
-------------------------++-------
Melee: Short sword       ||    24
       Dagger            ||    52
  Use: Scroll            ||     1
 Stab: Sleeping          ||     7
